 Dungeon Crawl Stone Soup version 0.31-a0-236-g9a0961fb85 (webtiles) character file.

Game seed: 16166145856524763552

100 qw the Shooter (level 4, -1/36 HPs)
             Began as a Minotaur Hexslinger on July 10, 2023.
             Succumbed to Robin's poison
             ... on level 3 of the Dungeon.
             The game lasted 00:00:40 (1749 turns).

qw the Shooter (Minotaur Hexslinger)                Turns: 1749, Time: 00:00:40

Health: -1/36      AC:  5    Str: 12    XL:     4   Next: 47%
Magic:  4/4        EV: 11    Int: 10    God:
Gold:   98         SH:  0    Dex: 15    Spells: 4/5 levels left

rFire   . . .        Y - +1 sling
rCold   . . .        (no shield)
rNeg    . . .        k - +0 ring mail
rPois   .            (helmet restricted)
rElec   .            (no cloak)
rCorr   .            (no gloves)
SInv    .            (no boots)
Will    +....        b - amulet of regeneration
Stlth   +            f - ring of willpower
HPRegen 1.06/turn    (no ring)
MPRegen 0.09/turn

%: no passive effects
@: lethally poisoned (-1 -> -5)
A: horns 2, retaliatory headbutt
a: no special abilities


You were on level 3 of the Dungeon.
You visited 1 branch of the dungeon, and saw 3 of its levels.

You collected 98 gold pieces.


Innate Abilities, Weirdness & Mutations

You have a pair of horns on your head.
You reflexively headbutt those who attack you in melee.


   Skills:
 - Level 2.0 Fighting
 + Level 4.8 Ranged Weapons
 - Level 1.2 Armour
 - Level 2.1 Dodging
 - Level 1.0 Spellcasting
 - Level 2.0 Hexes


You had 4 spell levels left.
You knew the following spells:

 Your Spells              Type           Power      Damage    Failure   Level
a - Slow                  Hex            16%        N/A       34%         1

Your spell library contained the following spells:

 Spells                   Type           Power      Damage    Failure   Level
 Inner Flame              Hex/Fire       2%         N/A       83%         3
 Portal Projectile        Hex/Tloc       4%         N/A       83%         3
 Cause Fear               Hex            2%         N/A       98%         4

Inventory:

Hand Weapons
 Y - a +1 sling (weapon)
Armour
 k - a +0 ring mail (worn)
Jewellery
 b - an amulet of regeneration (around neck)
 f - a ring of willpower (left hand)
Potions
 a - a potion of lignification {unknown}
 d - a potion of haste {unknown}
 h - a potion of berserk rage {unknown}

Dungeon Overview and Level Annotations

Branches:
Dungeon (3/15)

Altars:

Annotations:
D:3 Robin


Message History

The sling bullet barely misses the goblin.
The goblin shouts!
You feel sick.
Robin roars a battlecry!
The goblins go into a battle-frenzy!
The goblin barely misses you. The adder barely misses you.
You furiously retaliate!
You headbutt the adder!
You kill the adder!
Robin hits you with a +1 short sword of venom.
You are more poisoned.
The goblin barely misses you. You furiously retaliate!
You headbutt the goblin. You shoot a sling bullet.
The sling bullet barely misses the goblin.
You feel very sick. Robin throws the goblin at you!
The goblin hits you with a +0 dagger. The hobgoblin barely misses you.
The goblin barely misses you.
You shoot a sling bullet.
The sling bullet closely misses the goblin.
You feel sick. Robin barely misses you. The hobgoblin barely misses you.
The goblin misses you. The goblin hits you with a +0 dagger.
You shoot a sling bullet. The sling bullet misses the goblin.
You feel sick. Robin hits you but does no damage.
You are more poisoned.
The hobgoblin barely misses you. You furiously retaliate!
You headbutt the hobgoblin.
You kill the hobgoblin!
The goblin hits you with a +0 dagger. x4; Robin throws the goblin at you!
The endoplasm barely misses you.
You shoot a sling bullet.
The sling bullet closely misses the goblin.
You feel very sick. Robin closely misses you.
The goblin hits you but does no damage. The endoplasm closely misses you.
You furiously retaliate!
You headbutt the endoplasm!
You kill the endoplasm!
The goblin barely misses you. You furiously retaliate!
You headbutt the goblin. The goblin barely misses you. You furiously retaliate!
You headbutt the goblin. You shoot a sling bullet.
The sling bullet hits the goblin.
You kill the goblin!
You die...

.. #. #.... ...#.##...
# ...#..#... ....... .
#..#....## ......... .
###......< #.....>.....
.......). #..........#
#.....g)## #..........
#..)@)####..........#
#..gg).##...........#
#....#..............#
#...#...#..#.......(..#
#.###.......#######....
# #.......#### #####
#..#.#..)..# #
......##%##.# #
............## ##


You could see Robin and 2 goblins.

Vanquished Creatures
  5 adders
  A worm (D:2)
  2 ball pythons
  5 bats
  4 endoplasms
  3 giant cockroaches
  8 goblins
  7 hobgoblins
  6 kobolds
  5 quokkas
  5 rats
51 creatures vanquished.

Notes
Turn   | Place    | Note
-------+----------+-------------------------------------------
     0 | D:1      | qw the Minotaur Hexslinger began the quest for the Orb.
     0 | D:1      | Reached XP level 1. HP: 16/16 MP: 1/1
     0 | D:1      | 0 ||| qw: Version: 0.3-a-52-g30416fa
     0 | D:1      | 0 ||| qw: Game counter: 4887
     0 | D:1      | 0 ||| qw: Melee chars always use a shield: true
     0 | D:1      | 0 ||| qw: God list: Okawaru
     0 | D:1      | 0 ||| qw: Allow faded altars: false
     0 | D:1      | 0 ||| qw: Do Orc after clearing Dungeon:15 true
     0 | D:1      | 0 ||| qw: Do second Lair branch before Depths: true
     0 | D:1      | 0 ||| qw: Lair rune preference: random
     0 | D:1      | 0 ||| qw: Goals: Normal
     0 | D:1      | 0 ||| PLANNING D:1-11
   110 | D:1      | Reached skill level 3 in Ranged Weapons
   110 | D:1      | Reached XP level 2. HP: 23/23 MP: 2/2
   250 | D:1      | Found a faded altar of an unknown god.
   454 | D:1      | 454 ||| UPGRADING to +0 leather armour.
   464 | D:1      | 464 ||| DROPPING +0 robe.
   465 | D:1      | 465 ||| UPGRADING to +0 ring mail.
   475 | D:1      | 475 ||| DROPPING +0 leather armour.
   476 | D:1      | 476 ||| UPGRADING to amulet of the acrobat.
   481 | D:1      | 481 ||| READING scroll labelled ZURETO HATAZYSH.
   582 | D:1      | 582 ||| READING scroll labelled KORCHE USSI.
   583 | D:1      | 583 ||| READING scroll labelled RUTEATENUO.
   584 | D:1      | 584 ||| DROPPING scroll of poison.
   684 | D:2      | 684 ||| FLEEEEING.
   685 | D:2      | 685 ||| FLEEEEING.
   686 | D:2      | 686 ||| FLEEEEING.
   687 | D:2      | 687 ||| FLEEEEING.
   688 | D:2      | 688 ||| FLEEEEING.
   689 | D:2      | 689 ||| FLEEEEING.
   690 | D:2      | 690 ||| FLEEEEING.
   774 | D:2      | Reached XP level 3. HP: 29/29 MP: 3/3
   806 | D:2      | Reached skill level 4 in Ranged Weapons
   865 | D:2      | HP: 6/29 [poisoned by an adder]
   868 | D:2      | Reached skill level 1 in Armour
   868 | D:2      | HP: 2/29 [poisoned by an adder]
  1574 | D:2      | 1574 ||| UPGRADING to amulet of regeneration.
  1584 | D:2      | 1584 ||| DROPPING amulet of the acrobat.
  1585 | D:2      | 1585 ||| UPGRADING to ring of willpower.
  1586 | D:2      | 1586 ||| READING 2 scrolls labelled LALAG FEQOIMY.
  1587 | D:2      | 1587 ||| DROPPING scroll of fog.
  1660 | D:3      | Reached XP level 4. HP: 35/36 MP: 4/4
  1736 | D:3      | Noticed Robin
  1747 | D:3      | HP: 9/36 [goblin/+0 dagger[Robin] (2)]
  1747 | D:3      | HP: 3/36 [goblin/+0 dagger[Robin] (2)]
  1748 | D:3      | HP: 1/36 [poisoned by Robin]
  1749 | D:3      | Succumbed to Robin's poison

Levels and vault maps discovered:
D:1:      nicolae_arrival_washed_ashore, layout_basic,
          shapermc_ecumenical_altar_notcrosses
D:2:      layout_loops_ring, serial_aquarium, aquarium_bridge_long_separate
          [aquarium_subvault_wall, aquarium_subvault_wall,
          aquarium_subvault_bridge, aquarium_subvault_bridge,
          aquarium_subvault_bridge, aquarium_subvault_balcony],
          aquarium_bridge_square [aquarium_subvault_bridge,
          aquarium_subvault_bridge, aquarium_subvault_bridge,
          aquarium_subvault_bridge], aquarium_window_double,
          aquarium_window_fake, aquarium_view_2d, aquarium_view_2e,
          minmay_diced_spiral
D:3:      layout_rooms, eat_drink_and_be_merry_uskayaw,
          nicolae_overflow_hidden_temple, hellmonk_no_cap, uniq_robin

Skill      XL: |  1  2  3 |
---------------+----------+-----
Ranged Weapons | 3 4 |  4.8
Fighting       | 2 |  2.0
Armour         | 1 |  1.2
Dodging        | |  2.1
Spellcasting   | |  1.0
Hexes          | |  2.0

Action                     |  1- 3 |  4- 6 || total
---------------------------+-------+-------++-------
   Fire: Sling             |   129 |    33 ||   162
    Use: Scroll            |     4 |       ||     4
 Armour: Ring mail         |    33 |    18 ||    51
         Robe              |     2 |       ||     2
  Dodge: Dodged            |    66 |    31 ||    97

Table legend:
 A = Non-vault XP
 B = Vault XP
 C = Vault XP percentage of total XP
 D = Non-vault monster count
 E = Vault monster count
 F = Vault count percentage of total count
                 A         B        C        D         E       F
            +---------+---------+-------+---------+---------+-------
      Total |     121 |      25 |  17.1 |      37 |      14 |  27.5
            +---------+---------+-------+---------+---------+-------
        D:1 |      19 |       0 |   0.0 |      12 |       0 |   0.0
        D:2 |      60 |       8 |  11.8 |      13 |       5 |  27.8
        D:3 |      42 |      17 |  28.8 |      12 |       9 |  42.9
            +---------+---------+-------+---------+---------+-------
